 Dungeon Crawl Stone Soup version 0.22.1-2-g9c5b331 (webtiles) character file.

1807 Lilu the Destroyer (level 8, -5/45 HPs)
             Began as a Deep Elf Conjurer on Nov 28, 2018.
             Was a Follower of Vehumet.
             Shot with an arrow by a centaur (13 damage)
             ... on level 7 of the Dungeon.
             The game lasted 00:24:21 (8479 turns).

Lilu the Destroyer (Deep Elf Conjurer)              Turns: 8479, Time: 00:24:23

Health: -5/45      AC:  5    Str:  9    XL:     8   Next: 84%
Magic:  18/22      EV: 14    Int: 23    God:    Vehumet [*.....]
Gold:   394        SH:  0    Dex: 15    Spells: 13/24 levels left

rFire    . . .     SeeInvis .   F - +4 great sword (freeze) (curse)
rCold    . . .     Gourm    .   (shield currently unavailable)
rNeg     . . .     Faith    .   t - +0 leather armour
rPois    .         Spirit   .   A - +0 helmet
rElec    .         Reflect  .   l - +0 cloak
rCorr    .         Harm     .   (no gloves)
MR       +....                  (no boots)
Stlth    ++........             m - amulet of rage
HPRegen  0.15/turn              a - ring of protection from magic
MPRegen  0.18/turn              E - +4 ring of strength

@: no status effects
A: no striking features
a: Renounce Religion, Evoke Berserk Rage


You were on level 7 of the Dungeon.
You worshipped Vehumet.
Vehumet was aware of your devotion.
You were not hungry.

You visited 1 branch of the dungeon, and saw 7 of its levels.
You also visited: Sewer.

You collected 394 gold pieces.

Inventory:

Hand Weapons
 g - a +0 mace of holy wrath
 n - a +0 hunting sling
 s - a +0 blowgun
 F - a cursed +4 great sword of freezing (weapon)
 J - a +0 shortbow
Missiles
 i - 59 sling bullets
 j - 335 stones (quivered)
 y - 6 curare-tipped needles
 z - 22 poisoned needles
 I - 17 arrows
Armour
 l - a +0 cloak (worn)
 t - a +0 leather armour (worn)
 A - a +0 helmet (worn)
Jewellery
 a - a ring of protection from magic (left hand)
 m - an amulet of rage (around neck)
 D - an uncursed ring of wizardry
 E - a +4 ring of strength (right hand)
Wands
 B - a wand of flame (63)
Scrolls
 d - 4 scrolls of remove curse
 e - 6 scrolls of teleportation
 f - a scroll of random uselessness {unknown}
 k - a scroll of fear {unknown}
 q - a scroll of immolation {unknown}
 u - 4 scrolls of amnesia
 C - 3 scrolls of magic mapping
 G - 2 scrolls of enchant armour {unknown}
Potions
 b - 2 potions of degeneration
 h - a potion of might
 o - a potion of flight {unknown}
 p - 4 potions of haste
 r - a potion of mutation {unknown}
 v - 3 potions of heal wounds
 w - 2 potions of magic
 x - a potion of brilliance {unknown}
Comestibles
 c - 12 rations


   Skills:
 - Level 2.7 Fighting
 - Level 4.8 Dodging
 - Level 2.4 Stealth
 + Level 8.6 Spellcasting
 * Level 10.0 Conjurations


You had 13 spell levels left.
You knew the following spells:

 Your Spells              Type           Power        Failure   Level  Hunger
a - Magic Dart            Conj           ####         1%          1    None
b - Searing Ray           Conj           ######       1%          2    None
c - Fulminant Prism       Conj/Hex       ####......   12%         4    ##.....
d - Iskenderun's Mystic   Conj           ######..     1%          4    ##.....

Your spell library contained the following spells:

 Spells                   Type           Power        Failure   Level  Hunger
 Sting                    Conj/Pois      ####         1%          1    None
 Throw Frost              Conj/Ice       ####..       1%          2    None
 Dazzling Spray           Conj/Hex       ####..       3%          3    None
 Confusing Touch          Hex            #.....       9%          1    None
 Freeze                   Ice            #...         9%          1    None
 Force Lance              Conj/Tloc      ####....     12%         4    ##.....
 Throw Icicle             Conj/Ice       ####....     12%         4    ##.....
 Confuse                  Hex            #.......     26%         3    None
 Gell's Gravitas          Tloc           #.........   26%         3    None
 Ozocubu's Armour         Chrm/Ice       #.......     26%         3    None
 Petrify                  Tmut/Erth      #.......     65%         4    ##.....
 Summon Ice Beast         Ice/Summ       #.......     65%         4    ##.....
 Metabolic Englaciation   Hex/Ice        #.........   94%         5    #####..
 Yara's Violent Unravell  Hex/Tmut       #.........   94%         5    #####..


Dungeon Overview and Level Annotations

Branches:
Dungeon (7/15)             Temple (0/1) D:6

Altars:
Hepliaklqana
Kikubaaqudgha
Makhleb
Nemelex Xobeh
Okawaru
Qazlal
Trog
Uskayaw
Vehumet
Xom
The Shining One


Message History

Your fulminant prism explodes!
The blast of energy engulfs the centaur.
The centaur is almost dead.
The blast of energy engulfs the centaur.
The centaur is almost dead.
The centaur shoots an arrow.
The arrow barely misses you.
The centaur shoots an arrow.
The arrow hits you but does no damage.
You see here an arrow.
Casting: Fulminant Prism (safe; 12% risk of failure)
Confirm with . or Enter, or press ? or * to list all spells.
Aiming: Magic Dart (safe; 1% risk of failure)
Press: ? - help, Shift-Dir - straight line, f - centaur
Aim: a centaur, wielding a shortbow (almost dead)
The magic dart hits the centaur.
You kill the centaur!
Vehumet accepts your kill.
Your Conjurations skill increases to level 10!
The centaur shoots an arrow.
The arrow closely misses you.
The centaur shoots an arrow.
The arrow hits you!
You die...

#######.....# #.........
#.....# #......... #.....#
###.##.... #c._c. #.....#
####......... ≈#≈≈≈c≈ #.....#
#...)#..#.... ≈c≈≈≈≈≈ #.....#
#.##......#.. ≈≈≈c≈≈≈
#.#######............ #≈≈≈≈c≈
#..#####......)...... #≈≈≈(≈≈
#...@(.#.<#......#...
#.....)####............#.###..#
#.#.(c.(.......####.#.##...#
#....c..>.....<##.....##....
#......(...........#..÷....#
#..........###.##....##.##.#
#..........#.......####.##.#
#..........# ..###.# #..##.#
#............#####.###.###.#


You could see 2 centaurs.

Vanquished Creatures
  A phantom (D:7)
  A sky beast (D:6)
  2 centaurs (D:7)
  A necrophage (D:7)
  An ogre (D:6)
  2 bullfrogs
  A wyvern zombie (D:7)
  A killer bee (D:7)
  3 wights (D:6)
  A howler monkey (D:5)
  4 crimson imps
  A centaur zombie (D:6)
  A quasit (D:7)
  2 jellies (D:5)
  An orc priest (D:5)
  3 hounds
  4 orc wizards
  Natasha (D:3)
  3 worker ants
  A hound zombie (D:5)
  A hound skeleton (D:6)
  A worker ant zombie (D:6)
  8 adders
  A shadow imp (D:3)
  3 adder skeletons
  2 worms
  2 dart slugs
  13 leopard geckos
  16 orcs
  7 ball pythons
  18 giant cockroaches
  4 goblins
  13 hobgoblins
  28 jackals
  15 kobolds
  2 quokkas (D:2)
  9 bats
  6 frilled lizards
  10 rats
  2 butterflies (D:6)
  2 plants (Sewer)
198 creatures vanquished.

Vanquished Creatures (others)
  2 fulminant prisms
  A plant (Sewer)
3 creatures vanquished.

Grand Total: 201 creatures vanquished

Notes
Turn   | Place    | Note
-------+----------+-------------------------------------------
     0 | D:1      | Lilu the Deep Elf Conjurer began the quest for the Orb.
     0 | D:1      | Reached XP level 1. HP: 10/10 MP: 6/6
   219 | D:1      | Reached XP level 2. HP: 16/16 MP: 1/8
   223 | D:1      | Learned a level 2 spell: Searing Ray
   662 | D:1      | Reached XP level 3. HP: 17/20 MP: 1/10
   689 | D:1      | Reached skill level 1 in Fighting
  1381 | D:2      | Found a faded altar of an unknown god.
  1401 | D:2      | Reached XP level 4. HP: 25/25 MP: 7/11
  1419 | D:2      | Learned a level 4 spell: Fulminant Prism
  1535 | D:2      | Reached skill level 5 in Conjurations
  1796 | D:2      | Found a hazy altar of Hepliaklqana.
  2196 | D:2      | Reached XP level 5. HP: 30/30 MP: 8/13
  2456 | D:3      | Noticed a hand axe
  2456 | D:3      | Noticed a hand axe
  2466 | D:3      | Found a hide-covered altar of Uskayaw.
  2857 | D:3      | Noticed Natasha
  2868 | D:3      | Killed Natasha
  3211 | D:3      | Found a glowing golden altar of the Shining One.
  3536 | D:4      | Reached XP level 6. HP: 32/35 MP: 8/15
  3548 | D:4      | Found a glowing drain.
  3554 | D:4      | Reached skill level 5 in Spellcasting
  3667 | Sewer    | Entered a sewer
  3891 | Sewer    | Learned a level 4 spell: Iskenderun's Mystic Blast
  4796 | D:4      | Found a burning altar of Makhleb.
  4801 | D:4      | Found a radiant altar of Vehumet.
  4810 | D:4      | Became a worshipper of Vehumet
  5055 | D:5      | Entered Level 5 of the Dungeon
  5250 | D:5      | Reached skill level 6 in Conjurations
  5439 | D:5      | Found a bloodstained altar of Trog.
  5699 | D:5      | Found a sparkling altar of Nemelex Xobeh.
  5730 | D:5      | Found an iron altar of Okawaru.
  5741 | D:5      | Reached XP level 7. HP: 40/40 MP: 12/17
  6066 | D:6      | Found a staircase to the Ecumenical Temple.
  6590 | D:6      | Reached skill level 7 in Conjurations
  6933 | D:6      | Reached * piety under Vehumet
  6933 | D:6      | Offered knowledge of Sting by Vehumet.
  6999 | D:6      | Reached skill level 8 in Conjurations
  6999 | D:6      | Reached XP level 8. HP: 45/45 MP: 12/20
  7069 | D:6      | Found an ancient bone altar of Kikubaaqudgha.
  7183 | D:6      | Found a bloodstained altar of Trog.
  7586 | D:7      | Found a stormy altar of Qazlal.
  7733 | D:7      | Reached skill level 9 in Conjurations
  8435 | D:7      | Found a shimmering altar of Xom.
  8475 | D:7      | Reached skill level 10 in Conjurations
  8479 | D:7      | Shot with an arrow by a centaur

Skill      XL: |  1  2  3  4  5  6  7  8 |
---------------+-------------------------+-----
Fighting       | 1 2 |  2.7
Dodging        | 3 4 |  4.8
Spellcasting   | 4 5 6 8 |  8.6
Conjurations   | 5 6 8 10 | 10.0
Stealth        | |  2.4

Action                   |  1- 3 |  4- 6 |  7- 9 || total
-------------------------+-------+-------+-------++-------
Melee: Club              |       |    23 |       ||    23
       Mace              |       |   134 |       ||   134
       Great sword       |       |       |    10 ||    10
 Cast: Magic Dart        |    50 |    82 |    36 ||   168
       Searing Ray       |     9 |    45 |    31 ||    85
       Iskenderun's Myst |       |       |     4 ||     4
       Fulminant Prism   |       |       |     2 ||     2
  Use: Scroll            |       |     5 |     4 ||     9
  Eat: Chunk             |     1 |    15 |     5 ||    21
       Ration            |       |       |     1 ||     1
Armor: Robe              |     8 |    12 |       ||    20
       Leather armour    |       |    26 |    14 ||    40
Dodge: Dodged            |    21 |   113 |    58 ||   192
       Rpst.: Great sword |       |       |     5 ||     5
